 Dungeon Crawl Stone Soup version 0.16.1-2-g95b8d4c (webtiles) character file.

153 MDvedh the Cudgeler (level 5, 0/40 HPs)
             Began as a Minotaur Venom Mage on Mar 24, 2015.
             Slain by an ogre
             ... wielding a +0 giant spiked club
              (31 damage)
             ... on level 3 of the Dungeon.
             The game lasted 00:04:56 (3190 turns).

MDvedh the Cudgeler (Minotaur Venom Mage)           Turns: 3190, Time: 00:04:56

Health: 0/40       AC:  5    Str: 14    XL:     5   Next: 12%
Magic:  3/4        EV: 11    Int: 12    God:
Gold:   94         SH:  0    Dex: 10    Spells: 1 memorised, 5 levels left

rFire  . . .     SeeInvis +     k - +0 mace
rCold  . . .     Clarity  .     o - +0 ring mail
rNeg   . . .     SustAb   .     (no shield)
rPois  .         Gourm    .     (helmet restricted)
rElec  .         Spirit   .     (no cloak)
rCorr  .         Warding  .     (no gloves)
rMut   .         Stasis   .     (no boots)
MR     .....                    (no amulet)
Stlth  +.........               (no ring)
                                g - ring of see invisible

@: not resistant to hostile enchantments, very unstealthy
A: retaliatory headbutt, horns 2
a: no special abilities


You were on level 3 of the Dungeon.
You were hungry.

You visited 1 branch of the dungeon, and saw 3 of its levels.

You collected 94 gold pieces.

Inventory:

Hand weapons
 k - a +0 mace (weapon)
Armour
 o - a +0 ring mail (worn)
Jewellery
 g - a ring of see invisible (left hand)
Scrolls
 f - a scroll of amnesia {unknown}
 n - a scroll of identify {unknown}
 p - 2 scrolls of teleportation {unknown}
 r - a scroll of enchant weapon {unknown}
 t - a scroll of noise {unknown}
Potions
 e - 2 potions of curing {unknown}
 h - a potion of agility {unknown}
 i - a potion of haste {unknown}
 j - a potion of cancellation {unknown}
 l - 2 potions of heal wounds {unknown}
 m - a potion of cure mutation {unknown}
 q - a potion of lignification {unknown}
 s - a potion of restore abilities {unknown}
 u - a potion of might {unknown}
Books
 a - a book of Dreams

   Spells                             Type                      Level
   a - Ensorcelled Hibernation        Hexes/Ice                    2
   b - Flight                         Charms/Air                   3
   c - Phase Shift                    Translocation                5
   d - Shadow Creatures               Summoning                    5
   e - Mass Confusion                 Hexes                        6
   f - Darkness                       Hexes                        7
 b - a Young Poisoner's Handbook

   Spells                             Type                      Level
   a - Sting                          Conjuration/Poison           1
   b - Cure Poison                    Poison                       2
   c - Mephitic Cloud                 Conjuration/Poison/Air       3
   d - Olgreb's Toxic Radiance        Poison                       4
   e - Venom Bolt                     Conjuration/Poison           5
Comestibles
 c - 4 bread rations
 d - a meat ration


   Skills:
 - Level 1.4 Fighting
 + Level 5.0 Maces & Flails
 - Level 1.7 Armour
 - Level 2.1 Dodging
 - Level 1.6 Stealth
 - Level 1.3 Spellcasting
 - Level 3.0 Poison Magic


You had 5 spell levels left.
You knew the following spells:

 Your Spells              Type           Power        Failure   Level  Hunger
a - Sting                 Conj/Pois      #...         34%         1    ##.....


Dungeon Overview and Level Annotations

Branches:
Dungeon (3/15)

Altars:
Cheibriados


Innate Abilities, Weirdness & Mutations

You reflexively headbutt those who attack you in melee.
You have a pair of horns on your head.


Message History

A hobgoblin comes into view.
The hobgoblin shouts!
Casting: Sting
Confirm with . or Enter, or press ? or * to list all spells.
Okay, then.
Casting: Sting
Confirm with . or Enter, or press ? or * to list all spells.
Aiming: Sting
Press: ? - help, Shift-Dir - straight line, f - ogre
Aim: an ogre, wielding a giant spiked club The sting hits the ogre.
The ogre is lightly wounded.
You hit the ogre.
The ogre is lightly wounded.
The ogre hits you with a giant spiked club!
You barely miss the ogre.
The ogre is lightly wounded.
The ogre hits you with a giant spiked club!!
Ouch! That really hurt!
You die...

#.##...## #..# #.#.....##
#..# #........### #..#
#............ #..#
##...g...###..###..#
##................#####
##...#.####.#.......#.
##g##.# #.........#. #.O@.#
###.......#. ####.#
#......... #.# #.......#.
######.# #......... #..<...#
#.......#.
#.####.######.#######.
##.##..........########
.######...#.....#............
.........((.....#.###########


You could see an ogre and a hobgoblin.

Vanquished Creatures
  4 gnolls (D:2)
  2 adders
  A worm (D:2)
  A giant gecko (D:2)
  6 oozes
  A ball python (D:2)
  8 bats
  2 giant cockroaches
  6 goblins
  12 hobgoblins
  13 jackals
  6 kobolds
  3 quokkas
  3 giant newts (D:2)
  5 rats
73 creatures vanquished.

Notes
Turn   | Place    | Note
--------------------------------------------------------------
     0 | D:1      | MDvedh, the Minotaur Venom Mage, began the quest for the Orb.
     0 | D:1      | Reached XP level 1. HP: 14/14 MP: 2/2
    25 | D:1      | Reached skill level 3 in Poison Magic
   287 | D:1      | Reached skill level 1 in Fighting
   291 | D:1      | Reached skill level 1 in Armour
   326 | D:1      | Reached XP level 2. HP: 8/23 MP: 2/2
   947 | D:1      | Reached skill level 1 in Maces & Flails
  1170 | D:1      | Reached XP level 3. HP: 26/28 MP: 3/3
  1857 | D:2      | Reached XP level 4. HP: 26/35 MP: 4/4
  2138 | D:2      | Reached skill level 4 in Maces & Flails
  2715 | D:2      | Found a snail-covered altar of Cheibriados.
  2907 | D:3      | Reached XP level 5. HP: 37/40 MP: 4/4
  3177 | D:3      | Reached skill level 5 in Maces & Flails
  3179 | D:3      | Noticed an ogre
  3190 | D:3      | Slain by an ogre

Action                   |  1- 3 |  4- 6 || total
-------------------------+-------+-------++-------
Melee: Club              |    29 |       ||    29
       Unarmed           |    11 |       ||    11
       Mace              |    98 |   102 ||   200
 Cast: Sting             |       |     1 ||     1
  Eat: Chunk             |     3 |     4 ||     7
